 Dungeon Crawl Stone Soup version 0.16.1-11-g651b585 (webtiles) character file.

1495 Magnus the Skirmisher (level 8, 0/64 HPs)
             Began as a Demonspawn Skald on Apr 5, 2015.
             Slain by a gnoll
             ... wielding a +2 halberd of electrocution
              (20 damage)
             ... in a bailey.
             The game lasted 00:56:04 (9083 turns).

Magnus the Skirmisher (Demonspawn Skald)            Turns: 9083, Time: 00:56:04

Health: 0/64       AC:  7    Str: 17    XL:     8   Next: 51%
Magic:  13/13      EV: 13    Int: 14    God:
Gold:   481        SH:  0    Dex: 14    Spells: 4 memorised, 3 levels left

rFire  . . .     SeeInvis .     a - +1 falchion
rCold  . . .     Clarity  .     f - +1 ring mail
rNeg   . . .     SustAb   .     (no shield)
rPois  .         Gourm    +     (helmet restricted)
rElec  .         Spirit   .     (no cloak)
rCorr  .         Warding  .     (no gloves)
rMut   .         Rnd*Tele +     (no boots)
MR     .....                    p - amulet of the gourmand (curse)
Stlth  +.........               s - +3 ring of evasion
                                i - ring of wizardry

@: singing, not resistant to hostile enchantments, very unstealthy
A: horns 1, icy blue scales 1, agile 1, foul stench 1, strong 1, teleportitis 1,
rot immunity
a: Stop Singing


You were in a bailey.
You were not hungry.

You visited 1 branch of the dungeon, and saw 7 of its levels.
You also visited: Bailey.

You collected 481 gold pieces.

Inventory:

Hand weapons
 a - a +1 falchion (weapon)
 e - a +2 dagger of draining
Armour
 f - a +1 ring mail (worn)
 k - a +0 scale mail
Jewellery
 h - a +2 ring of intelligence
 i - a ring of wizardry (left hand)
 l - a +3 ring of evasion
 p - a cursed amulet of the gourmand (around neck)
 s - a +3 ring of evasion (right hand)
 t - an uncursed ring of sustain abilities
 x - the ring "Kuaconaylu" {Contam rN+ MP-9 Dex+3 SInv Stlth+}
   (You found it on level 5 of the Dungeon)

   [ring of dexterity]

   It affects your dexterity (+3).
   It protects you from negative energy.
   It affects your magic capacity (-9).
   It enhances your eyesight.
   It causes magical contamination when unequipped.
   It makes you more stealthy.
Scrolls
 m - 4 scrolls of remove curse
 r - a scroll of enchant weapon
 u - a scroll of identify
Potions
 b - a potion of beneficial mutation {unknown}
 q - 2 potions of haste
Books
 c - a book of Battle

   Spells                             Type                      Level
   a - Infusion                       Charms                       1
   b - Shroud of Golubria             Charms/Translocation         2
   c - Song of Slaying                Charms                       2
   d - Spectral Weapon                Hexes/Charms                 3
   e - Regeneration                   Charms/Necromancy            3
Comestibles
 d - 4 bread rations
 g - a beef jerky
 j - 3 meat rations
 o - a royal jelly


   Skills:
 + Level 6.3 Fighting
 + Level 5.8 Long Blades
 - Level 1.2 Armour
 - Level 1.0 Dodging
 - Level 2.1 Spellcasting
 + Level 6.1 Charms


You had 3 spell levels left.
You knew the following spells:

 Your Spells              Type           Power        Failure   Level  Hunger
a - Infusion              Chrm           ###...       1%          1    #......
b - Shroud of Golubria    Chrm/Tloc      ##........   9%          2    ###....
c - Spectral Weapon       Hex/Chrm       ##......     16%         3    ###....
d - Song of Slaying       Chrm           ###.....     2%          2    ###....


Dungeon Overview and Level Annotations

Branches:
Dungeon (7/15)
 Temple: D:4-7

Altars:
Ashenzari
Cheibriados
Dithmenos
Gozag
Okawaru
Qazlal
Sif Muna
Trog


Innate Abilities, Weirdness & Mutations

You have a pair of small horns on your head.
You are partially covered in icy blue scales (AC +1).
You emit a foul stench.
You are immune to rotting.
You are agile. (Dex +2)
Your muscles are strong. (Str +2)
Space occasionally distorts in your vicinity.


Message History

The gnoll shouts!
The gnoll misses you.
Something unseen opens the door.
A gnoll comes into view.
It is wielding a halberd of electrocution.
The gnoll shouts!
You hear a shout!
You hear a shout!
You hear a shout!
You hear a shout!
There is an open door here.
You hit the gnoll.
The gnoll is moderately wounded.
The gnoll hits you with a halberd of electrocution!
You are electrocuted!
The gnoll hits you but does no damage.
A kobold comes into view.
You closely miss the gnoll. You headbutt the gnoll.
The gnoll is heavily wounded.
The gnoll completely misses you.
You hit the gnoll but do no damage. Your headbutt misses the gnoll.
The gnoll is heavily wounded.
You hear a shout!
The gnoll hits you from afar with a halberd of electrocution!
You are electrocuted!
You die...

### # #.# #.#
+##'##'#
#!....#
###.....###
#.'..∩..'.#
###....(###
##....(##
#@##'##'##
#Kgg###.###(#
#### ### ###


You could see 2 gnolls and a kobold.

Vanquished Creatures
  Grinder (D:6)
  Menkaure (D:7)
  4 ogres
  A giant frog (D:6)
  A centaur (D:6)
  A scorpion (D:4)
  A hound (D:6)
  A quasit (D:5)
  A giant frog zombie (D:6)
  2 orc priests (D:5)
  5 orc wizards
  4 worker ants
  A hound skeleton (D:4)
  4 adders
  4 gnolls (D:5)
  3 giant mites (D:4)
  4 worms (D:2)
  An adder zombie (D:6)
  4 giant geckos
  15 orcs
  4 giant cockroaches
  13 goblins
  12 hobgoblins
  2 jackals (D:1)
  An ooze (D:1)
  5 quokkas
  5 bats
  3 giant newts
  8 kobolds
  16 rats
128 creatures vanquished.

Vanquished Creatures (others)
  A wizard (D:3)
  A spectral weapon (D:4)
  A worker ant (D:6)
3 creatures vanquished.

Grand Total: 131 creatures vanquished

Notes
Turn   | Place    | Note
--------------------------------------------------------------
     0 | D:1      | Magnus, the Demonspawn Skald, began the quest for the Orb.
     0 | D:1      | Reached XP level 1. HP: 16/16 MP: 3/3
   202 | D:1      | Found a shattered altar of Ashenzari.
   225 | D:1      | Reached skill level 1 in Dodging
   385 | D:1      | Gained mutation: You have a pair of small horns on your head. [demonic ancestry]
   385 | D:1      | Reached XP level 2. HP: 22/22 MP: 4/4
   397 | D:1      | Reached skill level 1 in Armour
   446 | D:1      | Reached skill level 3 in Charms
   776 | D:1      | Learned a level 2 spell: Shroud of Golubria
  1196 | D:2      | Reached XP level 3. HP: 28/28 MP: 6/6
  1270 | D:2      | Learned a level 3 spell: Spectral Weapon
  2051 | D:2      | Found a stormy altar of Qazlal.
  2669 | D:3      | Gained mutation: You are immune to rotting. [demonic ancestry]
  2669 | D:3      | Reached XP level 4. HP: 34/34 MP: 7/7
  3113 | D:3      | Found a bloodstained altar of Trog.
  3113 | D:3      | Noticed a wizard
  3126 | D:3      | Killed a wizard
  3501 | D:4      | Noticed an ogre
  3573 | D:4      | Noticed an ogre
  3587 | D:4      | Killed an ogre
  3587 | D:4      | Reached XP level 5. HP: 41/41 MP: 2/9
  3918 | D:4      | Gained mutation: You are partially covered in icy blue scales (AC +1). [demonic ancestry]
  3918 | D:4      | Reached XP level 6. HP: 48/48 MP: 7/10
  3953 | D:4      | Reached skill level 4 in Charms
  4033 | D:4      | Found an iron altar of Okawaru.
  4036 | D:4      | Found a shattered altar of Ashenzari.
  4803 | D:4      | Killed an ogre
  5161 | D:4      | Reached XP level 7. HP: 39/55 MP: 2/12
  5358 | D:5      | Entered Level 5 of the Dungeon
  5571 | D:5      | Reached skill level 5 in Fighting
  5688 | D:5      | Found a shadowy altar of Dithmenos.
  5689 | D:5      | Found a snail-covered altar of Cheibriados.
  5954 | D:5      | Reached skill level 5 in Charms
  5992 | D:5      | Learned a level 2 spell: Song of Slaying
  6599 | D:5      | Got a translucent silver ring
  6899 | D:5      | Identified the ring "Kuaconaylu" {Contam rN+ MP-9 Dex+3 SInv Stlth+} (You found it on level 5 of the Dungeon)
  7056 | D:5      | Gained mutation: You are agile. (Dex +2) [potion of mutation]
  7056 | D:5      | Gained mutation: Space occasionally distorts in your vicinity. [potion of mutation]
  7056 | D:5      | Gained mutation: Your muscles are strong. (Str +2) [potion of mutation]
  7271 | D:6      | Reached skill level 5 in Long Blades
  7766 | D:6      | Found an opulent altar of Gozag.
  7938 | D:5      | Gained mutation: You emit a foul stench. [demonic ancestry]
  7938 | D:5      | Reached XP level 8. HP: 3/63 MP: 13/13
  8376 | D:6      | Noticed Grinder
  8386 | D:6      | Paralysed by Grinder for 3 turns
  8391 | D:6      | Killed Grinder
  8391 | D:6      | Reached skill level 6 in Fighting
  8698 | D:6      | Found a deep blue altar of Sif Muna.
  8843 | D:7      | Noticed Menkaure
  9021 | D:7      | Killed Menkaure
  9033 | D:7      | Found a flagged portal.
  9052 | Bailey   | Entered a bailey
  9083 | Bailey   | Slain by a gnoll

Action                   |  1- 3 |  4- 6 |  7- 9 || total
-------------------------+-------+-------+-------++-------
Melee: Falchion          |   131 |   141 |   184 ||   456
 Cast: Shroud of Golubri |     4 |    11 |     3 ||    18
       Infusion          |     3 |     5 |     4 ||    12
       Spectral Weapon   |       |     4 |     6 ||    10
       Song of Slaying   |       |       |     2 ||     2
  Use: Scroll            |     6 |     4 |    10 ||    20
       Potion            |     3 |     1 |     7 ||    11
 Stab: Sleeping          |       |     1 |       ||     1
       Distracted        |       |       |     2 ||     2
       Invisible         |       |       |     1 ||     1
  Eat: Chunk             |     3 |     4 |    18 ||    25
       Bread ration      |     1 |     1 |       ||     2
